 Dungeon Crawl Stone Soup version 0.28.0-53-g5a82cb258f (webtiles) character file.

Game seed: 5769820651599228859

9207 LustLizard the Cleaver (level 11, -8/145 HPs)
             Began as a Minotaur Berserker on July 29, 2022.
             Was an Elder of Trog.
             Mangled by a bone dragon (10 damage)
             ... on level 1 of the Abyss.
             The game lasted 00:21:52 (12010 turns).

LustLizard the Cleaver (Minotaur Berserker)        Turns: 12010, Time: 00:21:53

Health: -8/145     AC: 19    Str: 27    XL:     11   Next: 20%
Magic:  10/10      EV: 17    Int:  4    God:    Trog [****..]
Gold:   537        SH:  0    Dex: 11    Spells: 10/10 levels left

rFire   . . .      SeeInvis .   R - +1 war axe
rCold   . . .      Faith    .   (no shield)
rNeg    . . .      Spirit   .   K - +7 chain mail "Ocateps" {rPois Str+2}
rPois   +          Reflect  .   (helmet restricted)
rElec   .          Harm     .   t - +0 cloak
rCorr   .          Rampage  .   H - +0 pair of gloves
Will    .....                   h - +0 pair of boots
Stlth   ..........              (no amulet)
HPRegen 0.34/turn               J - +4 ring of evasion
MPRegen 0.12/turn               u - +4 ring of evasion

@: berserking (expiring), very quick
A: horns 2, retaliatory headbutt
a: Renounce Religion, Berserk, Trog's Hand, Brothers in Arms


You were on level 1 of the Abyss.
You worshipped Trog.
Trog was greatly pleased with you.
You visited 1 branch of the dungeon, and saw 10 of its levels.
You visited the Abyss 1 time.

You collected 537 gold pieces.

Inventory:

Hand Weapons
 a - a +0 hand axe
 R - a +1 war axe (weapon)
Missiles
 e - 261 stones (quivered)
 w - 27 poisoned darts
 A - 2 throwing nets
 P - 3 silver boomerangs
 T - a curare-tipped dart
 W - 4 boomerangs
Armour
 b - a +0 animal skin
 f - a +0 ring mail
 h - a +0 pair of boots (worn)
 t - a +0 cloak (worn)
 D - a +4 ring mail
 H - a +0 pair of gloves (worn)
 K - the +7 chain mail "Ocateps" (worn) {rPois Str+2}
   (You found it on level 6 of the Dungeon)

   Str:       It affects your strength (+2).
   rPois:     It protects you from poison.
Jewellery
 n - a ring of positive energy
 o - an amulet of magic regeneration
 u - a +4 ring of evasion (right hand)
 J - a +4 ring of evasion (left hand)
 L - a ring of protection from cold
 V - an amulet of regeneration
Wands
 c - a wand of iceblast (6)
 B - a wand of digging (10)
 M - a wand of mindburst (21)
 O - a wand of paralysis (7)
 Q - a wand of flame (31)
 S - a wand of acid (8)
Scrolls
 d - a scroll of blinking
 k - 2 scrolls of fear {unknown}
 m - 2 scrolls of magic mapping
 r - a scroll of summoning {unknown}
 s - a scroll of silence {unknown}
 y - 4 scrolls of enchant weapon
 G - a scroll of immolation {unknown}
 I - 2 scrolls of vulnerability {unknown}
 N - a scroll of amnesia {unknown}
 U - a scroll of enchant armour {unknown}
 X - 2 scrolls of fog
Potions
 g - 5 potions of haste
 i - 4 potions of might
 j - 5 potions of brilliance
 l - a potion of resistance {unknown}
 p - 4 potions of lignification
 q - 4 potions of attraction
 v - 2 potions of mutation {unknown}
 x - 4 potions of degeneration
 z - 4 potions of heal wounds
 C - 2 potions of ambrosia {unknown}
 E - a potion of flight {unknown}
 F - 3 potions of curing {unknown}


   Skills:
 + Level 9.3 Fighting
 * Level 12.5 Axes
 * Level 10.1 Throwing
 - Level 2.4 Armour
 - Level 2.1 Dodging
 * Level 6.7 Evocations


You had 10 spell levels left.
You didn't know any spells.
Your spell library was empty.

Dungeon Overview and Level Annotations

Branches:
Dungeon (10/15)            Temple (0/1) D:5             Orc (0/2) D:10
   Lair: D:8-11

Altars:
Nemelex Xobeh

Annotations:
D:10 Erolcha


Innate Abilities, Weirdness & Mutations

You have a pair of horns on your head.
You reflexively headbutt those who attack you in melee.


Message History

The bone dragon is heavily damaged.
The bone dragon completely misses you. x2
The bone dragon tramples you but does no damage.
Unknown command.
You slash the bone dragon!
The bone dragon is heavily damaged.
The bone dragon bites you!
* * * LOW HITPOINT WARNING * * *
The bone dragon claws you.
* * * LOW HITPOINT WARNING * * *
The bone dragon closely misses you.
You slash the bone dragon!
The bone dragon is heavily damaged.
You hit the bone dragon but do no damage.
The bone dragon is heavily damaged.
The bone dragon closely misses you. You furiously retaliate!
You headbutt the bone dragon.
The bone dragon claws you but does no damage.
The bone dragon completely misses you.
You hit the bone dragon.
The bone dragon is heavily damaged.
You hit the small abomination but do no damage.
The small abomination closely misses you.
You furiously retaliate!
You headbutt the small abomination!
Unknown command.
You hit the bone dragon.
The bone dragon is heavily damaged.
You barely miss the small abomination. The bone dragon completely misses you.
You furiously retaliate!
You headbutt the bone dragon! The bone dragon claws you.
* * * LOW HITPOINT WARNING * * *
The bone dragon tramples you!
* * * LOW HITPOINT WARNING * * *
You hold your ground!
You slice the small abomination!!
You destroy the small abomination!
That felt strangely unrewarding.
You hit the bone dragon but do no damage.
The bone dragon bites you!
You die...

. .# . ..#
#≈≈ . .# ≈
≈ # .## #
≈# # ### .
.### #
#.##..#. §
§ # ≈..#.#
## # ## .##
#..##♣≈§§##
. .. #
#@D..§#§.§
...# ..
#≈≈#.#§§
#...#. ..
#≈≈.#..##
.# ..##
..x.≈≈##.#
##... . .#
###.≈.##.#
. ......
##### #
####.#...
.##. ###


You could see a bone dragon.

Vanquished Creatures
  A blizzard demon (Abyss:1)
  A two-headed ogre (D:10)
  Pikel (D:7)
  An ugly thing (D:9)
  A gargoyle (D:8)
  Joseph (D:9)
  Psyche (D:8)
  A troll (D:10)
  A wyvern (D:9)
  Eustachio (D:6)
  14 yaks
  Sigmund (D:6)
  A fire elemental (Abyss:1)
  Menkaure (D:7)
  A warg (D:10)
  Duvessa (D:7)
  An acid dragon (D:10)
  4 orc warriors (D:10)
  A black bear (D:5)
  3 ogres
  A phantom (D:5)
  3 centaurs
  3 kobold brigands
  Blork the orc (D:6)
  3 bullfrogs (D:8)
  A gnoll sergeant (D:5)
  2 scorpions
  A water moccasin zombie (D:5)
  Dowan (D:7)
  15 killer bees
  A small abomination (Abyss:1)
  3 howler monkeys
  3 centaur zombies
  7 hounds
  2 orc priests (D:4)
  Crazy Yiuf (D:7)
  A jelly (D:7)
  3 gnoll shamans
  2 bullfrog skeletons (D:5)
  6 orc wizards
  3 iguanas (D:6)
  2 howler monkey zombies (D:9)
  A howler monkey skeleton (D:6)
  20 gnolls
  7 adders
  A white imp (D:7)
  3 ufetubi
  3 worms
  32 orcs
  8 bats
  4 endoplasms
  5 giant cockroaches
  10 goblins
  5 hobgoblins
  2 quokkas
  2 ball pythons
  3 frilled lizards
  15 kobolds
  7 rats
231 creatures vanquished.

Notes
Turn   | Place    | Note
-------+----------+-------------------------------------------
     0 | D:1      | LustLizard the Minotaur Berserker began the quest for the
                  | Orb.
     0 | D:1      | Reached XP level 1. HP: 19/19 MP: 0/0
    71 | D:1      | Reached skill level 4 in Axes
    71 | D:1      | Reached skill level 1 in Throwing
    71 | D:1      | Reached XP level 2. HP: 23/27 MP: 1/1
   463 | D:1      | Reached XP level 3. HP: 32/33 MP: 2/2
   786 | D:2      | Reached XP level 4. HP: 16/40 MP: 3/3
  1059 | D:2      | Reached ** piety under Trog
  1145 | D:2      | Found a faded altar of an unknown god.
  1914 | D:3      | Reached skill level 5 in Axes
  2259 | D:3      | Reached XP level 5. HP: 43/47 MP: 4/4
  3105 | D:4      | Reached XP level 6. HP: 51/55 MP: 5/5
  3356 | D:4      | Reached skill level 6 in Axes
  3372 | D:4      | Reached skill level 5 in Fighting
  3718 | D:4      | Found a sparkling altar of Nemelex Xobeh.
  4138 | D:5      | Entered Level 5 of the Dungeon
  4354 | D:5      | Reached XP level 7. HP: 31/61 MP: 6/6
  4574 | D:5      | Reached skill level 7 in Axes
  4656 | D:5      | Reached skill level 5 in Throwing
  4773 | D:5      | Reached *** piety under Trog
  5076 | D:5      | Reached skill level 8 in Axes
  5076 | D:5      | Reached XP level 8. HP: 63/70 MP: 7/7
  5536 | D:5      | Found a staircase to the Ecumenical Temple.
  6105 | D:6      | Identified the +7 chain mail "Ocateps" {rPois Str+2}
  6225 | D:6      | Noticed Blork the orc
  6249 | D:6      | Killed Blork the orc
  6250 | D:6      | Reached skill level 9 in Axes
  6260 | D:6      | Noticed Sigmund
  6260 | D:6      | Noticed Eustachio
  6282 | D:6      | Killed Sigmund
  6283 | D:6      | Reached skill level 1 in Evocations
  6347 | D:6      | Killed Eustachio
  6455 | D:7      | Reached XP level 9. HP: 70/79 MP: 8/8
  6841 | D:7      | Noticed Menkaure
  6936 | D:7      | Killed Menkaure
  7062 | D:7      | Noticed Pikel
  7078 | D:7      | Killed Pikel
  7079 | D:7      | Reached skill level 10 in Axes
  7161 | D:7      | Found a runed translucent door.
  7162 | D:7      | Noticed Crazy Yiuf
  7259 | D:7      | Noticed Duvessa
  7265 | D:7      | Noticed Dowan
  7272 | D:7      | Killed Duvessa
  7281 | D:7      | Killed Dowan
  7397 | D:7      | Killed Crazy Yiuf
  7653 | D:8      | Noticed Psyche
  7736 | D:8      | Killed Psyche
  8077 | D:8      | Reached **** piety under Trog
  8255 | D:8      | Noticed a gargoyle
  8266 | D:8      | Killed a gargoyle
  8267 | D:8      | Reached XP level 10. HP: 88/88 MP: 9/9
  8281 | D:8      | Reached skill level 11 in Axes
  8920 | D:9      | Noticed Joseph
  9067 | D:9      | Reached skill level 5 in Evocations
  9519 | D:9      | Killed Joseph
 10192 | D:10     | Entered Level 10 of the Dungeon
 10287 | D:10     | Reached skill level 12 in Axes
 10691 | D:10     | Noticed a cyan ugly thing
 10713 | D:10     | Reached XP level 11. HP: 97/97 MP: 10/10
 10737 | D:9      | Killed a cyan ugly thing
 11017 | D:10     | Found a staircase to the Orcish Mines.
 11235 | D:10     | Noticed a two-headed ogre
 11270 | D:10     | Killed a two-headed ogre
 11271 | D:10     | Reached skill level 10 in Throwing
 11370 | D:10     | Noticed Erolcha
 11712 | D:10     | Cast into level 1 of the Abyss (Erolcha)
 11837 | Abyss:1  | Noticed a blizzard demon
 11853 | Abyss:1  | Killed a blizzard demon
 11900 | Abyss:1  | Noticed a wretched star
 11985 | Abyss:1  | Noticed a bone dragon
 12009 | Abyss:1  | HP: 1/145 [bone dragon (13)]
 12010 | Abyss:1  | Mangled by a bone dragon

Illustrated notes

Levels and vault maps discovered:
D:1:      dpeg_arrival_concentric_ovals, layout_basic
D:2:      layout_loops_ring, basic_ecumenical_altar, minmay_misc_feat_rugged
D:3:      layout_loops_cross
D:4:      layout_cave_pods, kennysheep_little_box
D:5:      layout_cave_pools, temple_hall_moat, serial_rivers,
          chequers_serial_rivers_micro_a, chequers_serial_rivers_micro_e,
          chequers_serial_rivers_micro_c, chequers_serial_rivers_small_b,
          chequers_serial_rivers_large_b, chequers_serial_rivers_marsh,
          kennysheep_dice
D:6:      layout_basic, uniq_sigmund, uniq_blork_the_orc, uniq_eustachio
D:7:      layout_basic, chequers_serial_rivers_small_b, uniq_pikel,
          uniq_menkaure, uniq_duvessa, uniq_crazy_yiuf_cottage
D:8:      layout_loops_corners, uniq_psyche
D:9:      layout_irregular_city, uniq_joseph
D:10:     layout_irregular_city, david_orc_3, nzn_random_ring, uniq_erolcha
Abyss:1:  base:
D:8

Skill      XL: |  1  2  3  4  5  6  7  8  9 10 11 |
---------------+----------------------------------+-----
Axes           | 4 5 6 8 9 10 12 | 12.5
Throwing       | 1 2 3 4 5 7 8 9 10 | 10.1
Fighting       | 4 5 6 7 8 9 |  9.3
Evocations     | 1 4 6 |  6.7
Armour         | |  2.4
Dodging        | |  2.1

Action                   |  1- 3 |  4- 6 |  7- 9 | 10-12 || total
-------------------------+-------+-------+-------+-------++-------
Melee: Hand axe          |    70 |   157 |   229 |       ||   456
       Headbutt          |    11 |    32 |    63 |    56 ||   162
       Punch             |     2 |     3 |     8 |     3 ||    16
       War axe           |       |       |    35 |   214 ||   249
       Unarmed           |       |       |     1 |       ||     1
Throw: Stone             |     6 |    35 |    72 |    75 ||   188
       Dart              |       |       |    14 |     5 ||    19
Invok: Berserk           |       |     2 |     1 |     1 ||     4
       Trog's Hand       |       |       |     4 |     4 ||     8
  Use: Scroll            |       |       |       |    10 ||    10
Armor: Animal skin       |     1 |       |       |       ||     1
       Ring mail         |    23 |    48 |    30 |       ||   101
       Chain mail        |       |       |    54 |    75 ||   129
Dodge: Dodged            |    49 |    93 |   212 |   207 ||   561
